AoeStats
← felipecmtz

Black Forest

503897236Analyzed
4v4 RM · 29d ago on Sep 2, 2026· 45m 34s· 8 players
Game mode
Random Map
Map size
Large (8 player)
Population
200
Speed
Normal
Resources
Standard
Victory
Conquest
Starting age
Dark Age
Ending age
Imperial Age
RankedLock teamsTeams togetherTeam positionsShared explorationLock speedFull tech treeHidden civsTurbo modeCheats
Victory
Defeat
🇺🇸 Spanish · United States
962
+11
🇮🇳 Lithuanians · India
864
+15
🇦🇷 Khmer · Argentina
827
+39
🇲🇽 Celts · Mexico
803
+18
🇺🇸 Burgundians · United States
967
-20
🇯🇵 Khmer · Japan
942
-20
🇮🇪 Huns · Ireland
775
-33
🇹🇷 Franks · Türkiye
712
-19
felipecmtz
9:37 Loom
11:38 Feudal Age
14:08 Wheelbarrow
14:31 Horse Collar
14:46 Double-Bit Axe
18:09 Castle Age
16:22 Gold Mining
22:59 Stone Mining
24:10 Heavy Plow
24:23 Bow Saw
28:53 Hand Cart
32:34 Imperial Age
33:13 Stone Shaft Mining
33:51 Gold Shaft Mining
33:27 Scale Mail Armor
33:37 Forging
33:49 Furor Celtica
34:02 Conscription
34:01 Furor Celtica
35:42 Iron Casting
35:22 Chain Mail Armor
34:50 Capped Ram
38:47 Siege Ram
42:05 Pikeman
42:57 Elite Woad Raider
43:47 Halberdier
45:50 Plate Mail Armor
46:20 Blast Furnace
46:10 Conscription
Nexus
0:53 Loom
10:42 Feudal Age
17:54 Castle Age
16:15 Double-Bit Axe
22:15 Town Watch
27:48 Imperial Age
26:47 Ballistics
26:26 Murder Holes
26:37 Horse Collar
29:06 Wheelbarrow
30:25 Chemistry
29:43 Scale Barding Armor
30:47 Conscription
32:03 Chain Barding Armor
32:08 Heavy Plow
33:08 Elite Leitis
34:04 Forging
34:45 Thumb Ring
34:01 Elite Skirmisher
36:05 Iron Casting
35:49 Hand Cart
35:39 Town Patrol
36:44 Gold Mining
37:39 Hoardings
38:30 Tower Shields
39:46 Plate Barding Armor
CovertSpy
0:29 Loom
12:27 Feudal Age
16:45 Castle Age
15:01 Horse Collar
15:47 Double-Bit Axe
16:26 Gold Mining
17:16 Wheelbarrow
18:36 Bow Saw
21:54 Town Watch
25:52 Fortified Wall
25:53 Arson
26:38 Fletching
26:49 Padded Archer Armor
28:19 Hand Cart
29:13 Bodkin Arrow
30:41 Town Patrol
31:22 Murder Holes
33:21 Leather Archer Armor
33:27 Stone Mining
34:34 Ballistics
37:18 Imperial Age
34:57 Heavy Plow
34:59 Scale Mail Armor
35:47 Stone Shaft Mining
38:13 Bloodlines
38:03 Husbandry
37:26 Cavalier
38:13 Caravan
39:42 Two-Man Saw
40:06 Masonry
39:48 Guard Tower
39:44 Arrowslits
41:26 Paladin
43:25 Conscription
43:41 Hoardings
43:20 Onager
44:54 Bracer
45:24 Ring Archer Armor
45:05 Forging
45:10 Chain Mail Armor
45:00 Scale Barding Armor
44:40 Pikeman
45:20 Squires
Joaquito
0:27 Loom
12:59 Feudal Age
19:47 Castle Age
19:20 Double-Bit Axe
19:16 Horse Collar
19:33 Stone Mining
20:00 Gold Mining
29:25 Heavy Plow
29:37 Town Watch
30:27 Wheelbarrow
34:31 Imperial Age
32:21 Light Cavalry
33:18 Bloodlines
33:40 Pikeman
36:20 Halberdier
36:28 Hussar
38:17 Caravan
39:08 Forging
39:03 Scale Barding Armor
38:48 Fletching
38:59 Padded Archer Armor
39:03 Capped Ram
40:36 Siege Ram
41:17 Bodkin Arrow
41:57 Iron Casting
41:42 Chain Barding Armor
42:11 Crop Rotation
42:18 Gold Shaft Mining
41:59 Bow Saw
42:31 Stone Shaft Mining
44:52 Conscription
44:33 Tusk Swords
43:53 Elite Ballista Elephant
44:36 Bracer
45:36 Blast Furnace
44:38 Scale Mail Armor
Apostate of Hate
0:28 Loom
11:55 Feudal Age
10:46 Double-Bit Axe
16:53 Castle Age
14:50 Horse Collar
16:27 Bow Saw
16:15 Stone Mining
17:19 Town Watch
17:44 Heavy Plow
25:34 Fletching
28:15 Gold Mining
30:31 Two-Man Saw
31:24 Burgundian Vineyards
32:32 Wheelbarrow
33:10 Gold Shaft Mining
33:11 Stone Shaft Mining
33:09 Crop Rotation
32:16 Cavalier
32:56 Husbandry
32:17 Light Cavalry
33:10 Forging
33:06 Scale Barding Armor
33:28 Caravan
34:17 Hand Cart
34:41 Iron Casting
35:49 Chain Barding Armor
35:15 Treadmill Crane
36:19 Town Patrol
39:44 Imperial Age
38:14 Pikeman
38:55 Squires
38:59 Scale Mail Armor
39:25 Arson
40:54 Conscription
40:09 Paladin
42:28 Guilds
43:58 Ballistics
45:24 Blast Furnace
45:00 Plate Barding Armor
kokokun
13:24 Feudal Age
16:43 Castle Age
15:22 Double-Bit Axe
15:35 Gold Mining
16:07 Horse Collar
17:45 Wheelbarrow
17:03 Loom
18:16 Bow Saw
19:37 Stone Mining
23:06 Heavy Plow
25:01 Hand Cart
25:17 Town Watch
29:47 Imperial Age
29:43 Stone Shaft Mining
29:47 Gold Shaft Mining
30:23 Husbandry
30:34 Bloodlines
30:00 Heavy Scorpion
32:08 Crop Rotation
31:06 Cavalier
34:26 Scale Barding Armor
34:32 Forging
35:46 Chemistry
35:12 Ballistics
35:45 Murder Holes
36:08 Double Crossbow
40:11 Hoardings
FATİH
13:15 Feudal Age
17:18 Castle Age
15:44 Double-Bit Axe
19:58 Bow Saw
20:32 Stone Mining
22:32 Padded Archer Armor
22:34 Gold Mining
24:22 Gold Shaft Mining
26:49 Leather Archer Armor
27:26 Pikeman
29:07 Squires
29:30 Forging
29:03 Man-at-Arms
32:09 Husbandry
34:29 Iron Casting
36:44 Scale Barding Armor
37:35 Scale Mail Armor
RAMCO
14:40 Feudal Age
13:57 Loom
15:17 Horse Collar
16:03 Double-Bit Axe
18:05 Wheelbarrow
17:16 Town Watch
18:36 Stone Mining
18:37 Gold Mining
26:46 Scale Barding Armor
29:03 Castle Age
27:59 Forging
27:52 Scale Mail Armor
30:03 Wheelbarrow
29:14 Town Watch
30:43 Chain Barding Armor
31:01 Iron Casting
30:41 Chain Mail Armor
30:27 Padded Archer Armor
30:17 Fletching
30:38 Husbandry
Connection lost

Rejoining the realm…

Still unreachable

The connection could not be restored.

Session expired

The server has moved on; the page needs a fresh start.